 Dungeon Crawl Stone Soup version 0.27.1-33-g824d729ab1 (webtiles) character file.

Game seed: 10117018125879162111

98 MisterFreud the Chopper (level 4, 0/39 HPs)
             Began as a Hill Orc Fighter on Dec 12, 2021.
             Was a Believer of Uskayaw.
             Succumbed to a water moccasin's poison
             ... on level 3 of the Dungeon.
             The game lasted 00:02:26 (1819 turns).

MisterFreud the Chopper (Hill Orc Fighter)          Turns: 1819, Time: 00:02:27

Health: 0/39       AC: 10    Str: 19    XL:     4   Next: 71%
Magic:  4/4        EV:  5    Int:  8    God:    Uskayaw [**....]
Gold:   100        SH:  9    Dex: 10    Spells: 3/3 levels left

rFire    . . .     SeeInvis .   a - +0 war axe
rCold    . . .     Faith    .   c - +0 kite shield
rNeg     . . .     Spirit   .   i - +0 chain mail
rPois    .         Reflect  .   (no helmet)
rElec    .         Harm     .   h - +0 cloak
rCorr    .         Rampage  .   (no gloves)
Will     .....                  (no boots)
Stlth    ..........             (no amulet)
HPRegen  0.13/turn              (no ring)
MPRegen  0.09/turn              (no ring)

@: lethally poisoned (0 -> -6), hasted, very quick
A: no striking features
a: Renounce Religion, Stomp, Line Pass


You were on level 3 of the Dungeon.
You worshipped Uskayaw.
Uskayaw was noncommittal.
You visited 1 branch of the dungeon, and saw 3 of its levels.

You collected 100 gold pieces.

Inventory:

Hand Weapons
 a - a +0 war axe (weapon)
Armour
 b - a +0 scale mail
 c - a +0 kite shield (worn)
 h - a +0 cloak (worn)
 i - a +0 chain mail (worn)
Scrolls
 e - 2 scrolls of identify {unknown}
 k - a scroll of noise {unknown}
Potions
 d - a potion of might
 g - a potion of berserk rage {unknown}
 j - a potion of attraction {unknown}


   Skills:
 - Level 3.6 Fighting
 + Level 6.3 Axes
 - Level 3.2 Armour
 - Level 3.2 Shields


You had 3 spell levels left.
You didn't know any spells.
Your spell library was empty.

Dungeon Overview and Level Annotations

Branches:
Dungeon (3/15)

Altars:
Uskayaw
Zin

Shops:
D:3 *


Message History

You slash the adder!
You kill the adder!
No target in view!
Found 13 gold pieces.
A water moccasin comes into view.
The water moccasin hisses angrily.
A water moccasin is nearby!
A water moccasin is nearby!
You miss the water moccasin. The water moccasin bites you.
The water moccasin bites you!
You completely miss the water moccasin. You block the water moccasin's attack.
The water moccasin bites you but does no damage.
You barely miss the water moccasin.
The water moccasin bites you but does no damage.
You block the water moccasin's attack.
You hit the water moccasin.
The water moccasin is lightly wounded.
The water moccasin closely misses you. The water moccasin bites you!
You are poisoned.
The water moccasin poisons you!
You miss the water moccasin.
The water moccasin is lightly wounded.
You feel very sick.
The water moccasin bites you but does no damage.
The water moccasin bites you!
* * * LOW HITPOINT WARNING * * *
You slash the water moccasin!
The water moccasin is heavily wounded.
* * * LOW HITPOINT WARNING * * *
You feel very sick.
The water moccasin bites you but does no damage. x2
You can now pass through a line of other dancers.
You hit the water moccasin.
The water moccasin is heavily wounded.
* * * LOW HITPOINT WARNING * * *
You feel very sick. The water moccasin barely misses you.
The water moccasin bites you but does no damage.
It was a potion of haste.
You feel yourself speed up.
You die...

# # # # # ######## #
##......#### ###
+..........# #..
#$S@.......# #.#
#..........# #.#
....###.......#######.#
##............+........
#. .###.......#######..
# #.........##.....
##+######.##.....
#...........
.....8...8...8.


You could see a water moccasin.

Vanquished Creatures
  A centaur zombie (D:3)
  2 adders
  A dart slug (D:3)
  5 endoplasms
  3 giant cockroaches
  5 goblins
  3 hobgoblins
  4 jackals (D:2)
  2 ball pythons
  5 bats
  6 frilled lizards
  5 kobolds
  3 rats
45 creatures vanquished.

Vanquished Creatures (others)
  4 plants (D:2)
4 creatures vanquished.

Grand Total: 49 creatures vanquished

Notes
Turn   | Place    | Note
-------+----------+-------------------------------------------
     0 | D:1      | MisterFreud the Hill Orc Fighter began the quest for the
                  | Orb.
     0 | D:1      | Reached XP level 1. HP: 19/19 MP: 1/1
    75 | D:1      | Reached skill level 3 in Axes
   126 | D:1      | Reached XP level 2. HP: 11/26 MP: 2/2
   388 | D:1      | Reached skill level 4 in Axes
   781 | D:2      | Reached XP level 3. HP: 26/31 MP: 3/3
  1156 | D:2      | Found a faded altar of an unknown god.
  1159 | D:2      | Reached skill level 5 in Axes
  1198 | D:2      | Became a worshipper of Uskayaw the Reveller
  1198 | D:2      | Reached * piety under Uskayaw
  1656 | D:3      | Found Zin's Purification Station.
  1659 | D:3      | Found a glowing silver altar of Zin.
  1668 | D:3      | Reached ** piety under Uskayaw
  1691 | D:3      | Reached skill level 6 in Axes
  1691 | D:3      | Reached XP level 4. HP: 36/39 MP: 4/4
  1810 | D:3      | Noticed a water moccasin
  1818 | D:3      | HP: 1/39 [poisoned by a water moccasin]
  1819 | D:3      | Succumbed to a water moccasin's poison

Illustrated notes

Levels and vault maps discovered:
D:1:      grunt_arrival_lava_bath, layout_rooms, minmay_tetromino_s4
D:2:      layout_loops_ring, ebering_ecumenical_altar_webs, serial_bayou,
          serial_bayou_lake_a, serial_bayou_crossing, serial_bayou_pond_a,
          serial_bayou_pond_c
D:3:      layout_basic, zin_purify, minmay_misc_feat_four_crosses,
          uniq_crazy_yiuf_cottage

Skill      XL: |  1  2  3 |
---------------+----------+-----
Axes           | 3 4 6 |  6.3
Fighting       | |  3.6
Armour         | |  3.2
Shields        | |  3.2

Action                   |  1- 3 |  4- 6 || total
-------------------------+-------+-------++-------
Melee: War axe           |   125 |    17 ||   142
  Use: Potion            |       |     1 ||     1
Armor: Scale mail        |    26 |       ||    26
       Chain mail        |    63 |    11 ||    74
Dodge: Dodged            |    29 |     2 ||    31
Block: Kite shield       |    79 |     4 ||    83
